AoeStats
← 南良千奈

Lombardia

510107349Analyzed
4v4 RM · 4d ago on Sep 29, 2026· 36m 42s· 8 players
Game mode
Random Map
Map size
Large (8 player)
Population
200
Speed
Normal
Resources
Standard
Victory
Conquest
Starting age
Dark Age
Ending age
Imperial Age
RankedLock teamsTeams togetherTeam positionsShared explorationLock speedFull tech treeHidden civsTurbo modeCheats
Victory
Defeat
🇨🇳 Bengalis · China
1497
+13
🇨🇳 Magyars · China
1451
+15
🇨🇳 Persians · China
1416
+16
🇨🇳 Huns · China
1300
+22
🇹🇼 Varangians · Taiwan
1455
-18
🇨🇳 Saxons · China
1429
-17
🇨🇱 Georgians · Chile
1409
-16
🇻🇪 Poles · Venezuela
1391
-15
羽落千叶
8:42 Feudal Age
9:14 Double-Bit Axe
10:34 Horse Collar
19:41 Castle Age
20:36 Bow Saw
21:26 Wheelbarrow
21:13 Town Watch
21:25 Town Watch
22:39 Heavy Plow
24:04 Hand Cart
33:24 Imperial Age
31:31 Ballistics
31:07 Fletching
31:42 Bloodlines
31:32 Husbandry
31:44 Stone Mining
31:44 Gold Mining
32:13 Bodkin Arrow
32:19 Padded Archer Armor
33:35 Thumb Ring
33:50 Heavy Cavalry Archer
34:55 Parthian Tactics
34:36 Bracer
34:51 Leather Archer Armor
35:39 Chemistry
35:47 Gold Shaft Mining
35:02 Treadmill Crane
36:03 Recurve Bow
36:24 Conscription
36:05 Corvinian Army
小西
11:12 Feudal Age
11:51 Double-Bit Axe
11:51 Horse Collar
14:56 Castle Age
13:47 Loom
15:51 Bow Saw
16:20 Wheelbarrow
17:13 Loom
21:24 Town Watch
23:05 Hand Cart
25:15 Gold Mining
25:59 Loom
26:15 Town Patrol
26:55 Heavy Plow
27:54 Gold Shaft Mining
29:55 Imperial Age
27:42 Masonry
27:27 Stone Mining
28:04 Stone Mining
28:23 Scale Barding Armor
28:29 Forging
29:20 Stone Shaft Mining
29:26 Chain Barding Armor
30:40 Conscription
31:01 Iron Casting
30:02 Elite War Elephant
31:17 Architecture
32:28 Plate Barding Armor
32:27 Husbandry
32:56 Bloodlines
34:47 Blast Furnace
34:24 Hoardings
34:46 Coinage
34:26 Guilds
34:17 Caravan
36:01 Banking
36:49 Chemistry
36:26 Devotion
种田微户
10:41 Feudal Age
12:56 Double-Bit Axe
16:39 Castle Age
15:43 Fletching
15:52 Horse Collar
16:51 Gold Mining
17:25 Husbandry
17:43 Bodkin Arrow
18:39 Loom
19:13 Padded Archer Armor
23:13 Bloodlines
24:02 Bow Saw
23:56 Heavy Plow
28:20 Wheelbarrow
27:58 Gold Mining
27:59 Stone Mining
28:31 Leather Archer Armor
32:05 Hand Cart
32:47 Gold Shaft Mining
35:13 Imperial Age
34:15 Scale Barding Armor
34:23 Forging
35:24 Chain Barding Armor
36:24 Conscription
35:25 Elite Tarkan
37:14 Two-Man Saw
南良千奈
10:59 Feudal Age
14:40 Castle Age
13:14 Double-Bit Axe
13:56 Horse Collar
23:07 Wheelbarrow
22:31 Loom
23:38 Gold Mining
26:20 Hand Cart
29:07 Imperial Age
27:26 Fletching
28:11 Bodkin Arrow
28:35 Bow Saw
29:27 Gold Shaft Mining
29:05 Padded Archer Armor
30:08 Husbandry
30:18 Bloodlines
29:36 Elite Elephant Archer
30:37 Bracer
32:45 Chemistry
32:03 Leather Archer Armor
33:15 Ballistics
33:07 Caravan
33:19 Heavy Plow
34:40 Two-Man Saw
34:38 Paiks
36:43 Mahayana
36:44 Conscription
Todas Mienten
9:37 Feudal Age
10:52 Double-Bit Axe
11:26 Horse Collar
18:09 Forging
20:46 Castle Age
21:29 Gold Mining
21:29 Stone Mining
21:50 Bow Saw
21:41 Heavy Plow
22:50 Szlachta Privileges
23:36 Stone Shaft Mining
23:50 Bloodlines
23:45 Husbandry
25:30 Scale Barding Armor
28:59 Wheelbarrow
28:10 Town Watch
32:48 Imperial Age
30:49 Chain Barding Armor
31:25 Caravan
31:58 Hand Cart
31:29 Loom
33:36 Cavalier
35:03 Iron Casting
36:00 Crop Rotation
Yves
8:25 Loom
11:20 Feudal Age
12:51 Double-Bit Axe
15:22 Castle Age
13:07 Horse Collar
16:43 Bow Saw
16:54 Heavy Plow
22:19 Wheelbarrow
23:30 Scale Barding Armor
24:18 Bloodlines
24:40 Chain Barding Armor
24:25 Husbandry
24:55 Gold Mining
25:20 Stone Mining
26:03 Forging
28:24 Stone Shaft Mining
28:25 Hand Cart
32:11 Imperial Age
29:29 Town Watch
30:12 Light Cavalry
30:40 Vendel Legacy
32:28 Iron Casting
31:44 Fletching
31:35 Treadmill Crane
32:18 Cavalier
33:39 Plate Barding Armor
33:36 Conscription
34:50 Two-Man Saw
34:22 Crop Rotation
35:21 Blast Furnace
34:12 Fletching
35:03 Ballistics
35:46 Chemistry
34:56 Masonry
35:55 Murder Holes
jf_Kratos
5:09 Loom
10:19 Feudal Age
13:48 Town Watch
19:07 Wheelbarrow
21:41 Castle Age
20:34 Double-Bit Axe
20:32 Horse Collar
20:44 Gold Mining
23:46 Bloodlines
23:36 Husbandry
26:47 Caravan
28:06 Town Patrol
31:02 Heavy Plow
32:41 Fletching
32:52 Padded Archer Armor
36:29 Imperial Age
33:28 Elite Skirmisher
34:33 Stone Mining
35:11 Bodkin Arrow
35:36 Scale Barding Armor
35:42 Forging
36:26 Leather Archer Armor
风过无声
5:14 Loom
11:18 Feudal Age
15:59 Castle Age
14:18 Double-Bit Axe
15:09 Horse Collar
22:23 Wheelbarrow
27:50 Bow Saw
27:35 Gold Mining
32:28 Imperial Age
30:24 Fletching
30:32 Guard Tower
31:03 Ballistics
30:52 Scale Mail Armor
31:03 Forging
32:46 Gold Shaft Mining
32:03 Stone Mining
32:13 Bodkin Arrow
32:34 Chain Mail Armor
33:27 Iron Casting
32:58 Shield Wall
33:59 Conscription
33:42 Squires
34:56 Chemistry
34:55 Plate Mail Armor
35:00 Elite Varangian Guard
36:34 Keep
Connection lost

Rejoining the realm…

Still unreachable

The connection could not be restored.

Session expired

The server has moved on; the page needs a fresh start.